 Dungeon Crawl Stone Soup version 0.29-a0-775-g4d7333d4e2 (webtiles) character file.

Game seed: 12782198625950830220

2 Zonian the Sneak (level 1, -1/9 HPs)
             Began as a Vine Stalker Enchanter on July 1, 2022.
             Slain by a gnoll
             ... wielding a +0 spear
              (3 damage)
             ... on level 1 of the Dungeon.
             The game lasted 00:00:17 (44 turns).

Zonian the Sneak (Vine Stalker Enchanter)             Turns: 44, Time: 00:00:17

Health: -1/9       AC:  2    Str: 10    XL:     1   Next: 30%
Magic:  0/4        EV: 12    Int: 15    God:
Gold:   0          SH:  0    Dex: 14    Spells: 4/4 levels left

rFire   . . .      SeeInvis .   a - +1 dagger
rCold   . . .      Faith    .   (no shield)
rNeg    . . .      Spirit   +   b - +0 robe
rPois   .          Reflect  .   (no helmet)
rElec   .          Harm     .   (no cloak)
rCorr   .          Rampage  .   (no gloves)
Will    .....                   (no boots)
Stlth   ++........              (no amulet)
HPRegen 0.03/turn               (no ring)
MPRegen 0.09/turn               (no ring)

@: no status effects
A: fangs 2, magic shield, antimagic bite, no potion heal 2
a: no special abilities


You were on level 1 of the Dungeon.
You visited 1 branch of the dungeon, and saw 1 of its levels.

Inventory:

Hand Weapons
 a - a +1 dagger (weapon)
Armour
 b - a +0 robe (worn)
Potions
 c - 2 potions of invisibility
 d - a potion of flight {unknown}


   Skills:
 + Level 0.9 Short Blades
 + Level 1.6 Dodging
 + Level 3.6 Stealth
 + Level 2.2 Spellcasting
 + Level 3.0 Hexes


You had 4 spell levels left.
You didn't know any spells.
Your spell library contained the following spells:

 Spells                   Type           Power      Damage    Failure   Level
 Ensorcelled Hibernation  Hex/Ice        12%        N/A       19%         2
 Confusing Touch          Hex            10%        N/A       19%         3
 Tukima's Dance           Hex            10%        N/A       19%         3
 Dazzling Flash           Conj/Hex       12%        N/A       34%         3


Dungeon Overview and Level Annotations

Branches:
Dungeon (1/15)

Altars:


Innate Abilities, Weirdness & Mutations

You have extremely sharp teeth.
When hurt, damage is shared between your health and your magic reserves.
Your bite disrupts and absorbs the magic of your enemies.
Potions cannot restore your health.


Message History

A hobgoblin comes into view.
The hobgoblin shouts!
You see here a grey potion.
d - a grey potion A ball python comes into view.
Nothing quivered!
Nothing quivered!
Unknown command.
The ball python hisses angrily.
You hit the hobgoblin. You bite the hobgoblin.
You kill the hobgoblin!
Unknown command.
A gnoll comes into view. It is wielding a +0 spear.
Nothing quivered!
Nothing quivered!
The gnoll shouts!
You hit the ball python. Your bite misses the ball python.
The ball python is severely wounded.
The ball python barely misses you. x2
You hit the ball python.
You kill the ball python!
Unknown command.
The gnoll hits you from afar with a +0 spear.
Things that are here:
a ball python corpse; a hobgoblin corpse The gnoll barely misses you.
Nothing quivered!
Nothing quivered!
Unknown command.
You hit the gnoll but do no damage. Your bite misses the gnoll.
The gnoll hits you with a +0 spear.
* * * LOW HITPOINT WARNING * * *
You hit the gnoll.
The gnoll is lightly wounded.
The gnoll completely misses you.
Unknown command.
You hit the gnoll. You bite the gnoll, but do no damage.
The gnoll is heavily wounded.
The gnoll hits you with a +0 spear.
You die...

#.# #.# #.# #.# #.#
. #$# ...
###.#####.....
#....†@g......
#.#.#####.....
#####.#.#####.....
..................
###............
#..##.####.####
#..#...........
#..#.........#
#######..#...###...#


You could see a gnoll.

Vanquished Creatures
  A hobgoblin (D:1)
  A ball python (D:1)
2 creatures vanquished.

Notes
Turn   | Place    | Note
-------+----------+-------------------------------------------
     0 | D:1      | Zonian the Vine Stalker Enchanter began the quest for the
                  | Orb.
     0 | D:1      | Reached XP level 1. HP: 9/9 MP: 4/4
    44 | D:1      | Slain by a gnoll

Illustrated notes

Levels and vault maps discovered:
D:1:      dpeg_arrival_radiant, layout_loops_ring

Action                   || total
-------------------------++-------
Melee: Dagger            ||     6
       Bite              ||     2
Dodge: Dodged            ||     4

Table legend: (Time is in decaauts)
 A = Elapsed time spent in this place.
 B = Non-inter-level travel time spent in this place.
 C = Inter-level travel time spent in this place.
 D = Time resting spent in this place.
 E = Time spent auto-exploring this place.
 F = Levels seen in this place.
 G = Mean time per level.
                   A        B        C        D        E       F      G
               +--------+--------+--------+--------+--------+-----+--------+
         Total |     43 |     43 |      0 |      0 |     22 |   1 |   43.0 |
       Dungeon |     43 |     43 |      0 |      0 |     22 |   1 |   43.0 |
               +--------+--------+--------+--------+--------+-----+--------+

Top non-repeatable levels by time:
     D:1: 43 daAuts
